 Dungeon Crawl Stone Soup version 0.31.0-11-ge490571c62 (webtiles) character file.

Game seed: 13056633203905841395

401630 snarfax the Conqueror (level 22, -6/233 HPs)
             Began as a Minotaur Fighter on Jan 29, 2024.
             Was an Initiate of Jiyva.
             Mangled by a titan (10 damage)
             ... on level 5 of the Vaults on Jan 30, 2024.
             The game lasted 02:50:46 (52191 turns).

snarfax the Conqueror (Minotaur Fighter)           Turns: 52191, Time: 02:50:47

Health: -6/233     AC: 33    Str: 39    XL:     22   Next: 29%
Magic:  21/21      EV: 19    Int:  5    God:    Jiyva [......]
Gold:   4118       SH: 23    Dex: 13    Spells: 21/21 levels left

rFire   + + .        I - +2 broad axe (venom)
rCold   . . .        A - +3 kite shield
rNeg    . . .        h - +4 plate armour "Buycziuh" {rF+ Dex+2 Stlth+}
rPois   +            c - +0 mask of the Dragon {Will+ Slay+3 SInv}
rElec   .            i - +0 cloak
rCorr   +            n - +2 pair of gloves {Str+3}
SInv    +            B - +3 pair of seven-league boots {Rampage+∞}
Will    ++...        y - amulet of reflection Stlth
                     U - ring "Zaggaumi" {rPois rCorr}
HPRegen 0.58/turn    R - ring "Usuabb" {rF+ Str+7}
MPRegen 0.17/turn

%: reflection, rampage+∞
@: mighty
A: horns 2, retaliatory headbutt, screaming 1, weak 1, inability to drink after
injury 2
}: 2/15 runes: decaying, gossamer
a: Renounce Religion


You were on level 5 of the Vaults.
You worshipped Jiyva.
Jiyva was noncommittal.
You visited 9 branches of the dungeon, and saw 42 of its levels.
You visited 1 bazaar.
You also visited: Desolation.

You collected 6115 gold pieces.
You spent 1997 gold pieces at shops.

Inventory:

Hand Weapons
 a - a +3 war axe of freezing
 G - a +2 war axe of flaming
 I - a +2 broad axe of venom (weapon)
Missiles
 g - 81 poisoned darts
 j - 3 throwing nets
 l - 15 javelins
 s - 6 curare-tipped darts (quivered)
 F - 35 boomerangs
Armour
 c - the +0 mask of the Dragon (worn) {Will+ Slay+3 SInv}
   (You bought it in a shop on level 8 of the Dungeon)

   Slay+3:    It affects your accuracy & damage with ranged weapons and melee
   (+3).
   Will+:     It increases your willpower.
   SInv:      It lets you see invisible.
 e - a +1 pair of boots of flying
 h - the +4 plate armour "Buycziuh" (worn) {rF+ Dex+2 Stlth+}
   (You found it on level 5 of the Vaults)

   Dex+2:     It affects your dexterity (+2).
   rF+:       It protects you from fire.
   Stlth+:    It makes you more stealthy.
 i - a +0 cloak (worn)
 m - the +5 scale mail of Divine Intervention {Stlth+}
   (You found it on level 3 of the Dungeon)

   Stlth+:    It makes you more stealthy.
 n - a +2 pair of gloves of strength (worn)
 A - a +3 kite shield (worn)
 B - the +3 pair of seven-league boots (worn) {Rampage+∞}
   (You acquired it on level 1 of the Lair of Beasts)

   Rampage+∞: When moving toward enemies, its wearer moves as far as possible,
   alerting their target en route.
 W - the +6 scale mail of Anarchy {rElec}
   (You found it on level 5 of the Lair of Beasts)

   rElec:     It insulates you from electricity.
Jewellery
 d - a ring of protection from cold
 p - a ring of ice
 x - a ring of protection from fire
 y - an amulet of reflection (around neck)
 M - a +4 ring of protection
 R - the ring "Usuabb" (right hand) {rF+ Str+7}
   (You acquired it on level 2 of the Vaults)

   [ring of protection from fire]

   Str+7:     It affects your strength (+7).
   rF+:       It protects you from fire.
 U - the ring "Zaggaumi" (left hand) {rPois rCorr}
   (You bought it in a shop on level 2 of the Orcish Mines)

   [ring of poison resistance]

   rPois:     It protects you from poison rCorr: It protects you from acid and
   corrosion.
 Y - a ring of magical power
Wands
 L - a wand of charming (18)
 N - a wand of mindburst (30)
 O - a wand of roots (36)
 S - a wand of flame (42)
 V - a wand of acid (9)
Scrolls
 k - 2 scrolls of teleportation
 o - 3 scrolls of vulnerability
 q - a scroll of silence
Potions
 b - 2 potions of resistance
 f - 5 potions of lignification
 t - 5 potions of mutation
 u - 4 potions of brilliance
 v - 2 potions of invisibility
 z - a potion of might
 D - 5 potions of magic
 H - 2 potions of enlightenment
 T - 2 potions of cancellation
 X - 4 potions of ambrosia
 Z - 3 potions of curing
Miscellaneous
 E - a sack of spiders
 P - a phantom mirror


   Skills:
 O Level 27 Fighting
 - Level 18.0 Axes
 - Level 19.0 Armour
 + Level 25.0 Dodging
 - Level 20.0 Shields


You had 21 spell levels left.
You didn't know any spells.
Your spell library contained the following spells:

 Spells                   Type           Power      Damage    Failure   Level
 Foxfire                  Conj/Fire      0%         2x1d4     89%         1
 Magic Dart               Conj           0%         1d3       89%         1
 Sandblast                Erth           0%         2d4       89%         1
 Shock                    Conj/Air       0%         1d3       89%         1
 Blink                    Tloc           0%         N/A       96%         2
 Call Imp                 Summ           0%         N/A       96%         2
 Cigotuvi's Dreadful Rot  Necr/Alch/Air  0%         N/A       96%         2
 Ensorcelled Hibernation  Hex/Ice        0%         N/A       96%         2
 Jinxbite                 Hex            0%         N/A       96%         2
 Static Discharge         Conj/Air       0%         3-3/arc   96%         2
 Sublimation of Blood     Necr           0%         N/A       96%         2
 Frozen Ramparts          Ice            0%         1d1       99%         3
 Fugue of the Fallen      Necr           0%         N/A       99%         3
 Hailstorm                Conj/Ice       0%         3d5       99%         3
 Passwall                 Erth           0%         N/A       99%         3
 Stone Arrow              Conj/Erth      0%         3d7       99%         3
 Summon Ice Beast         Ice/Summ       0%         N/A       99%         3
 Airstrike                Air            0%         2d(0-16)  100%        4
 Anguish                  Hex/Necr       0%         N/A       100%        4
 Brom's Barrelling Bould  Conj/Erth      0%         2d3       100%        4
 Dimensional Bullseye     Hex/Tloc       0%         N/A       100%        4
 Ignite Poison            Fire/Alch      0%         N/A       100%        4
 Leda's Liquefaction      Alch/Erth      0%         N/A       100%        4
 Olgreb's Toxic Radiance  Alch           0%         N/A       100%        4
 Petrify                  Alch/Erth      0%         N/A       100%        4
 Summon Blazeheart Golem  Fire/Summ      0%         N/A       100%        4
 Summon Lightning Spire   Summ/Air       0%         N/A       100%        4
 Alistair's Intoxication  Alch           0%         N/A       100%        5
 Borgnjor's Vile Clutch   Necr/Erth      0%         N/A       100%        5
 Fireball                 Conj/Fire      0%         3d3       100%        5
 Freezing Cloud           Conj/Ice/Air   0%         6-21      100%        5
 Iskenderun's Battlesphe  Conj           0%         2d6       100%        5
 Lee's Rapid Deconstruct  Erth           0%         3d4*      100%        5
 Metabolic Englaciation   Hex/Ice        0%         N/A       100%        5
 Summon Mana Viper        Hex/Summ       0%         N/A       100%        5
 Yara's Violent Unravell  Hex/Alch       0%         3d3       100%        5
 Bombard                  Conj/Erth      0%         9d1       100%        6
 Conjure Ball Lightning   Conj/Air       0%         3x3d6     100%        6
 Eringya's Noxious Bog    Alch           0%         4d6       100%        6
 Plasma Beam              Fire/Air       0%         2x1d10    100%        6
 Sculpt Simulacrum        Ice/Alch       0%         N/A       100%        6
 Starburst                Conj/Fire      0%         6d3       100%        6
 Enfeeble                 Hex            0%         N/A       100%        7
 Monstrous Menagerie      Summ           0%         N/A       100%        7
 Orb of Destruction       Conj           0%         9d5       100%        7
 Ozocubu's Refrigeration  Ice            0%         4d7       100%        7
 Spellforged Servitor     Conj/Summ      0%         N/A       100%        7
 Summon Hydra             Summ           0%         N/A       100%        7
 Discord                  Hex            0%         N/A       100%        8
 Chain Lightning          Conj/Air       0%         N/A       100%        9


Dungeon Overview and Level Annotations

Branches:
Dungeon (15/15)            Temple (1/1) D:6            Lair (5/5) D:11
  Swamp (4/4) Lair:2       Spider (4/4) Lair:2        Slime (5/5) Lair:5
    Orc (2/2) D:12            Elf (1/3) Orc:2        Vaults (5/5) D:14
  Crypt (0/3) Vaults:2     Depths (0/4) D:15        Desolation (visited)

Altars:
Ashenzari
Cheibriados
Dithmenos
Elyvilon
Fedhas
Gozag
Hepliaklqana
Kikubaaqudgha
Makhleb
Nemelex Xobeh
Okawaru
Qazlal
Ru
Sif Muna
Trog
Uskayaw
Vehumet
Wu Jian
Xom
Yredelemnul
Zin
The Shining One
Jiyva

Shops:
D:2 =   D:7 **?   D:8 ([(?   D:9 [   D:10 !   Orc:2 *?*((=*[(   Vaults:4 [

Annotations:
Slime:5 Royal Jelly
Vaults:1 1 runed translucent door


Innate Abilities, Weirdness & Mutations

You have a pair of horns on your head.
You reflexively headbutt those who attack you in melee.
You occasionally shout uncontrollably at your foes.
You are weak. (Str -2)
You sometimes lose the ability to drink potions when taking damage.


Message History

The fire giant resists with almost no effort.
The sphinx resists with some effort.
The titan resists with almost no effort.
The vault warden looks frightened!
The vault guard resists with almost no effort.
The sphinx barely misses you.
The sphinx hits you but does no damage. x2
You block the titan's attack. You block the sphinx's attack. x2
The sphinx hits you but does no damage.
The sphinx casts a spell.
Something smites you!
* * * LOW HITPOINT WARNING * * *
As you read the scroll of fog, it dissolves into smoke.
You block the titan's attack.
The sphinx casts a spell.
Something smites you!
* * * LOW HITPOINT WARNING * * *
The titan waves its arms in wide circles.
The air twists around and strikes you.
* * * LOW HITPOINT WARNING * * *
You feel much better. You block the sphinx's attack. The sphinx hits you.
* * * LOW HITPOINT WARNING * * *
The sphinx hits you but does no damage. The sphinx attacks as it pursues you!
You block the sphinx's attack. x3
You feel very mighty all of a sudden. You block the titan's attack.
You block the sphinx's attack. x2
The sphinx hits you but does no damage.
You slice the titan like a ripe choko!!!
The titan is heavily wounded.
You hit the sphinx.
The sphinx is poisoned.
You hear a shout! x2
The titan waves its arms in wide circles.
The air twists around and strikes you!!
* * * LOW HITPOINT WARNING * * *
You block the sphinx's attack. x3
You open the titan like a pillowcase!!!
The titan looks as sick as possible!
The titan is severely wounded.
You hit the sphinx.
The sphinx looks as sick as possible!
The sphinx closely misses you. The sphinx hits you but does no damage.
You block the sphinx's attack. The titan hits you!
You die...

#...........
#....#############
#C....o...........
#§o#.##...[.......
#§§#..##..........
#§§#...##.........
#oC#....##........
#CH#.....##.......
#@§#......##......
#..#.......##|[.[#
#..#........##.:##
#..#........ ####
#..# #..# #..#
.... #..#. ....
#.....
#..#......##.....#


You could see a titan (extremely poisoned), a fire giant, a sphinx (extremely
poisoned) and an orc knight.

Vanquished Creatures
  A dread lich (Vaults:5)
  Mara (Spider:4)
  Saint Roka (Orc:2)
  A golden dragon (Vaults:5)
  Arachne (Spider:2)
  Zenata (Elf:1)
  2 tentacled monstrosities (Vaults:5)
  A lich (Vaults:5)
  A quicksilver dragon (Vaults:5)
  Mlioglotl (Spider:3)
  5 titans (Vaults:5)
  6 acid blobs
  7 sphinxes
  4 shadow dragons
  Agnes (Spider:4)
  A storm dragon (Vaults:5)
  2 fenstrider witches (Swamp:1)
  6 tengu reavers
  9 azure jellies
  5 rockslimes
  Roxanne (Spider:4)
  6 emperor scorpions (Spider:4)
  2 ghost moths (Spider:4)
  A deep elf sorcerer (Elf:1)
  15 vault wardens
  3 quicksilver oozes
  25 ironbound preservers
  An orc warlord (Vaults:2)
  A very ugly thing (Vaults:5)
  A broodmother (Spider:3)
  6 stone giants
  A deep elf demonologist (Elf:1)
  A vampire knight (Vaults:2)
  8 ironbound thunderhulks
  A deep elf annihilator (Elf:1)
  2 deep elf death magi
  2 war gargoyles (Vaults:4)
  4 bunyips
  5 eleionomae
  2 spark wasps
  A halazid warlock (Vaults:3)
  4 dire elephants (Vaults:1)
  Snorg (Lair:3)
  An ettin (Vaults:5)
  Josephine (Lair:4)
  7 entropy weavers
  18 yaktaur captains
  3 deep elf high priests
  2 shambling mangroves (Swamp:4)
  10 great orbs of eyes
  A ragged hierophant (Desolation)
  The ghost of Xixaub Eqygg the Grappler, a journeyman DrSh of Okawaru (Lair:1)
  5 jorogumos
  A rakshasa (D:15)
  A spriggan air mage (Swamp:2)
  5 ghost crabs
  A peacekeeper (Desolation)
  33 vault guards
  An ogre mage (D:14)
  26 hydras
  A catoblepas (Lair:3)
  A servant of whispers (Desolation)
  6 alligators
  5 two-headed ogres
  16 centaur warriors
  15 ironbound frosthearts
  22 death yaks
  5 radroaches
  11 dancing weapons
  A merfolk avatar (Lair:5)
  7 boulder beetles
  7 death scarabs (Spider:4)
  2 deep troll earth magi (Vaults:5)
  An orc high priest (Orc:2)
  3 tengu warriors
  15 demonic crawlers
  A hell knight (Vaults:5)
  2 spriggan berserkers (Swamp:4)
  A spectral emperor scorpion (Spider:4)
  Nergalle (D:10)
  Sonja (Lair:3)
  9 deep elf knights
  3 skysharks
  A skyshark (shapeshifter) (Vaults:4)
  8 pharaoh ants
  2 sea snakes (Lair:5)
  A skeletal warrior (D:14)
  3 spriggan druids
  A glowing orange brain (Vaults:1)
  65 deep trolls
  6 orb spiders
  6 goliath frogs
  9 deep elf archers
  A sun moth (Spider:1)
  5 swamp dragons
  A necromancer (Vaults:2)
  4 arcanists
  11 bog bodies
  10 lindwurms
  2 orc knights (Vaults:2)
  17 ironbound convokers
  4 phantasmal warriors
  7 harpies
  2 spectral wolf spiders (Spider:4)
  8 steelbarb worms
  4 orc sorcerers (Orc:2)
  18 deep elf zephyrmancers
  24 wolf spiders
  16 ugly things
  15 deep elf pyromancers
  A faun (shapeshifter) (Vaults:2)
  7 cyclopes
  A will-o-the-wisp (Swamp:4)
  6 manticores
  2 shining eyes
  An elephant (Lair:5)
  2 moths of wrath (Spider:4)
  3 meliai (Spider:1)
  20 vault sentinels
  2 molten gargoyles (Desolation)
  4 black mambas
  3 kobold blastminers (Orc:2)
  2 gargoyles
  13 cane toads
  5 torpor snails
  Maggie (D:8)
  An eye of devastation (Slime:2)
  An unseen horror (D:13)
  2 kobold demonologists
  3 rime drakes
  3 centaur skeletons (D:14)
  A spectral redback (Spider:4)
  47 yaktaurs
  4 freezing wraiths
  6 komodo dragons
  A redback zombie (Spider:4)
  A spectral jumping spider (Spider:4)
  A wolf spider simulacrum (D:14)
  A queen bee (shapeshifter) (D:10)
  A bloated husk (Swamp:3)
  A wind drake (Lair:5)
  A hornet (shapeshifter) (D:15)
  2 polar bears (Lair:5)
  9 trolls
  4 spectral tarantellas (Spider:4)
  32 tarantellas
  2 spectral culicivoras (Spider:4)
  2 tarantella zombies (Spider:4)
  14 tyrant leeches
  11 saltlings (Desolation)
  A culicivora zombie (Spider:4)
  10 blink frogs
  A snapping turtle (Lair:5)
  2 jumping spider zombies (Spider:4)
  12 hornets
  3 glass eyes
  23 jumping spiders
  70 slime creatures
  8 spriggans
  4 vampires
  2 air elementals
  24 culicivoras
  3 wyverns
  2 fire elementals
  2 wargs
  7 wraiths
  3 basilisks
  Grum (D:10)
  A fire bat (D:9)
  3 golden eyes
  35 yaks
  3 steam dragons
  12 vampire mosquitoes
  68 redbacks
  16 swamp worms
  3 acid dragons
  A hell hound (D:8)
  17 water moccasins
  8 swamp drakes
  3 black bears
  24 orc warriors
  4 ice beasts
  A sky beast (D:8)
  8 ogres
  A tengu (shapeshifter) (D:15)
  A boggart (D:14)
  2 centaurs
  11 wolves
  10 bullfrogs
  An earth elemental (Orc:2)
  6 kobold brigands
  A gnoll sergeant (D:7)
  3 necrophages (D:8)
  A wyvern zombie (D:8)
  5 scorpions
  5 wights (D:6)
  A burial acolyte (D:5)
  9 killer bees
  An electric eel (Spider:2)
  3 howler monkeys
  A hound (D:4)
  A centaur zombie (D:8)
  4 jellies
  A quasit (D:4)
  4 bombardier beetles
  23 orc priests
  2 sleepcaps
  3 iguanas
  24 orc wizards
  Natasha (twice) (D:4)
  A boggart skeleton (D:14)
  A statue (D:8)
  2 killer bee zombies (D:8)
  3 gnolls (D:7)
  18 adders
  2 shadow imps
  3 white imps (D:4)
  2 ufetubi (D:6)
  2 adder zombies (D:5)
  3 dart slugs
  3 ribbon worms
  96 orcs
  10 endoplasms
  3 giant cockroaches
  8 goblins
  7 hobgoblins
  5 jackals
  5 quokkas
  7 ball pythons
  7 bats
  A jackal zombie (D:5)
  18 kobolds
  4 rats
  A spectral weapon (Spider:4)
1602 creatures vanquished.

Vanquished Creatures (collateral kills)
  A titan (Vaults:5)
  An orc wizard (Orc:2)
2 creatures vanquished.

Vanquished Creatures (others)
  A ragged hierophant (Desolation)
  A vault guard (Vaults:5)
  A great orb of eyes (Vaults:5)
  A peacekeeper (Vaults:3)
  A skyshark (shapeshifter) (Vaults:5)
  A pharaoh ant (Spider:2)
  2 swamp dragons (Swamp:2)
  An orb spider (Spider:4)
  A lindwurm (shapeshifter) (Vaults:5)
  A shining eye (shapeshifter) (Vaults:5)
  A wolf spider (Spider:2)
  An elephant (shapeshifter) (Vaults:5)
  4 bloated husks
  A tyrant leech (Spider:4)
  A polar bear (Lair:5)
  A tarantella (Spider:4)
  2 saltlings (Desolation)
  A slime creature (Slime:2)
  2 redbacks
  A warg (Vaults:5)
  45 jellies
  4 foxfires (Swamp:4)
75 creatures vanquished.

Grand Total: 1679 creatures vanquished

Notes
Turn   | Place    | Note
-------+----------+-------------------------------------------
     0 | D:1      | snarfax the Minotaur Fighter began the quest for the Orb.
     0 | D:1      | Reached XP level 1. HP: 19/19 MP: 0/0
   300 | D:1      | Reached XP level 2. HP: 26/26 MP: 1/1
   883 | D:2      | Found a snail-covered altar of Cheibriados.
   903 | D:2      | Got the Parchment of the Generative Tempest
  1037 | D:2      | Reached XP level 3. HP: 31/31 MP: 2/2
  1147 | D:2      | Found a faded altar of an unknown god.
  1434 | D:2      | Found Taaxunu's One-of-a-Kind Rings.
  1525 | D:2      | Reached skill level 5 in Shields
  1525 | D:2      | Reached XP level 4. HP: 33/39 MP: 3/3
  1688 | D:3      | Noticed an ice beast
  1826 | D:3      | Killed an ice beast
  1827 | D:3      | Reached XP level 5. HP: 35/45 MP: 2/4
  1831 | D:3      | Identified the +5 scale mail of Divine Intervention
                  | {Stlth+}
  2259 | D:3      | Reached XP level 6. HP: 46/51 MP: 5/5
  2903 | D:4      | Reached XP level 7. HP: 57/57 MP: 6/6
  2960 | D:4      | Found a basalt altar of Yredelemnul.
  3144 | D:4      | Noticed Natasha
  3149 | D:4      | Killed Natasha
  3205 | D:4      | Noticed Natasha
  3217 | D:4      | Killed Natasha
  3370 | D:5      | Entered Level 5 of the Dungeon
  3397 | D:5      | Found a bloodstained altar of Trog.
  3406 | D:5      | Reached skill level 10 in Axes
  3448 | D:5      | Reached XP level 8. HP: 64/64 MP: 7/7
  4119 | D:5      | Found an ancient bone altar of Kikubaaqudgha.
  4187 | D:5      | Found a snail-covered altar of Cheibriados.
  4519 | D:6      | Reached XP level 9. HP: 70/70 MP: 8/8
  4590 | D:6      | Found a staircase to the Ecumenical Temple.
  4598 | Temple   | Entered the Ecumenical Temple
  4608 | Temple   | Became a worshipper of the Shining One
  4865 | D:6      | Reached skill level 4 in Fighting
  4902 | D:6      | Found a white marble altar of Elyvilon.
  4922 | D:6      | Fell from the grace of the Shining One
  4922 | D:6      | Became a worshipper of Elyvilon the Healer
  5170 | D:7      | Reached skill level 5 in Fighting
  5170 | D:7      | Reached skill level 5 in Armour
  5368 | D:7      | Found Calousew's Magic Scroll Emporium.
  5607 | D:7      | Found Zouxzeyc's General Store.
  5609 | D:7      | Reached * piety under Elyvilon
  5730 | D:7      | Found Aleatwar's General Store.
  6017 | D:8      | Found Orefih's Antique Weapon Shoppe.
  6090 | D:8      | Reached XP level 10. HP: 78/83 MP: 9/9
  6104 | D:8      | Reached skill level 6 in Fighting
  6222 | D:8      | Noticed Maggie
  6250 | D:8      | Killed Maggie
  6347 | D:8      | Found an ornate altar of the Wu Jian Council.
  6359 | D:8      | Identified the +5 falchion of Doors {drain, +Blink rPois
                  | Str+5}
  6425 | D:8      | Reached ** piety under Elyvilon
  6468 | D:8      | Found Amost's Weapon Emporium.
  6481 | D:8      | Found Caxtum's Antique Armour Boutique.
  6585 | D:8      | Found Akkeaf Sarru's Magic Scroll Shop.
  6600 | D:8      | Got Qizxipuf's Secrets of the Curious Places
  6621 | D:8      | Found a radiant altar of Vehumet.
  6798 | D:8      | Found a blossoming altar of Fedhas.
  7086 | D:9      | Found a shimmering altar of Xom.
  7099 | D:8      | Reached skill level 15 in Axes
  7129 | D:9      | Found Qadiu's Antique Armour Emporium.
  7144 | D:9      | Reached skill level 7 in Fighting
  7581 | D:9      | Reached *** piety under Elyvilon
  7659 | D:9      | Identified the +0 robe "Emihaad" {+Inv rF- Str+3}
  8221 | D:10     | Entered Level 10 of the Dungeon
  8221 | D:10     | Noticed Nergalle
  8230 | D:10     | Killed Nergalle
  8231 | D:10     | Reached skill level 8 in Fighting
  8316 | D:10     | Found Romog Joex's Distillery.
  8343 | D:10     | Reached XP level 11. HP: 94/94 MP: 10/10
  8364 | D:10     | Noticed Grum
  8374 | D:10     | Killed Grum
  8535 | D:10     | Noticed a boulder beetle
  8547 | D:10     | Killed a boulder beetle
  9013 | D:11     | Reached **** piety under Elyvilon
  9211 | D:11     | Noticed a two-headed ogre
  9219 | D:11     | Killed a two-headed ogre
  9220 | D:11     | Reached skill level 9 in Fighting
  9431 | D:11     | Reached skill level 10 in Shields
  9649 | D:11     | Found a staircase to the Lair.
  9962 | D:12     | Noticed a boulder beetle
 10010 | D:12     | Killed a boulder beetle
 10102 | D:12     | Found a staircase to the Orcish Mines.
 10228 | D:12     | Reached skill level 10 in Fighting
 10228 | D:12     | Reached skill level 10 in Armour
 10427 | D:12     | Noticed a deep elf pyromancer
 10431 | D:12     | Killed a deep elf pyromancer
 10648 | D:12     | Reached ***** piety under Elyvilon
 10737 | D:12     | Reached XP level 12. HP: 107/107 MP: 11/11
 10912 | D:13     | Noticed a two-headed ogre
 10921 | D:13     | Killed a two-headed ogre
 11241 | D:13     | Identified the +3 chain mail of Greed {Regen+ Int-5 Stlth+}
 11247 | D:13     | Noticed a two-headed ogre
 11247 | D:13     | Noticed a tengu warrior
 11264 | D:13     | Killed a two-headed ogre
 11274 | D:13     | Killed a tengu warrior
 11403 | D:13     | Reached skill level 11 in Fighting
 12041 | D:14     | HP: 1/111 [white ugly thing (13)]
 12328 | D:14     | Noticed an ogre mage
 12329 | D:14     | Noticed a two-headed ogre
 12329 | D:14     | Noticed a two-headed ogre
 12347 | D:14     | Killed a two-headed ogre
 12351 | D:14     | Killed a two-headed ogre
 12352 | D:14     | Reached skill level 12 in Fighting
 12364 | D:14     | Killed an ogre mage
 12630 | D:14     | Noticed a seven-headed hydra
 12635 | D:14     | Noticed a death knight
 12653 | D:15     | Entered Level 15 of the Dungeon
 12693 | D:15     | Noticed a rakshasa
 12713 | D:15     | Paralysed by a hornet for 1 turns
 12743 | D:15     | Killed a rakshasa
 12927 | D:15     | Reached XP level 13. HP: 112/119 MP: 12/12
 13239 | Lair:1   | Entered Level 1 of the Lair of Beasts
 13409 | Lair:1   | Reached skill level 13 in Fighting
 13892 | Lair:1   | Noticed Xixaub Eqygg's ghost (journeyman DrSh)
 13957 | Lair:1   | Found a runed translucent door.
 14040 | Lair:1   | Reached skill level 14 in Fighting
 14642 | Lair:1   | Killed Xixaub Eqygg's ghost
 14662 | Lair:1   | Identified a scroll of acquirement
 14662 | Lair:1   | Acquired the +3 pair of seven-league boots {Rampage+∞}
 14662 | Lair:1   | Found the +3 pair of seven-league boots {Rampage+∞}
 14916 | Lair:2   | Reached ****** piety under Elyvilon
 14929 | Lair:2   | Found a staircase to the Swamp.
 15610 | Lair:2   | Found a hole to the Spider Nest.
 15916 | Lair:3   | Reached skill level 15 in Fighting
 15916 | Lair:3   | Reached skill level 15 in Armour
 16101 | Lair:3   | Noticed Sonja
 16112 | Lair:3   | Killed Sonja
 16772 | Lair:3   | Reached XP level 14. HP: 135/135 MP: 13/13
 16783 | Lair:3   | Noticed Snorg
 16795 | Lair:3   | Killed Snorg
 17288 | Lair:4   | Noticed Josephine
 17297 | Lair:4   | Killed Josephine
 17663 | Lair:4   | Reached skill level 16 in Fighting
 18069 | Lair:5   | Entered Level 5 of the Lair of Beasts
 18183 | Lair:5   | Identified the +6 scale mail of Anarchy {rElec}
 18775 | Lair:5   | Reached skill level 1 in Dodging
 18785 | Lair:5   | Reached skill level 17 in Fighting
 19262 | Lair:5   | Found a staircase to the Slime Pits.
 20226 | D:15     | Reached XP level 15. HP: 142/147 MP: 14/14
 20242 | D:15     | Reached skill level 5 in Dodging
 20288 | D:15     | Found a hide-covered altar of Uskayaw.
 20845 | D:14     | Found a gate to the Vaults.
 21332 | Orc:1    | Entered Level 1 of the Orcish Mines
 21614 | Orc:2    | Entered Level 2 of the Orcish Mines
 21614 | Orc:2    | Found Dawijaq's Magic Scroll Boutique.
 21776 | Orc:2    | Found Kavaet's Weapon Boutique.
 21822 | Orc:2    | Bought 2 scrolls of blinking for 240 gold pieces
 21870 | Orc:2    | Found Papu Jia's Overcharged Wands.
 21887 | Orc:2    | Found a burning altar of Makhleb.
 21911 | Orc:2    | Found Irothrida's Weapon Shoppe.
 21971 | Orc:2    | Found Yrib's General Store.
 22091 | Orc:2    | Found Mieli's Jewellery Shop.
 22102 | Orc:2    | Reached skill level 18 in Fighting
 22107 | Orc:2    | Found a staircase to the Elven Halls.
 22118 | Orc:2    | Bought the ring "Zaggaumi" {rPois rCorr} for 391 gold
                  | pieces
 22206 | Orc:2    | Found Foeveblu's Assorted Antiques.
 22213 | Orc:2    | Paralysed by an orc sorcerer for 4 turns
 22465 | Orc:2    | Bought a scroll of blinking for 225 gold pieces
 22465 | Orc:2    | Bought a scroll of blinking for 225 gold pieces
 22572 | Orc:2    | Noticed Saint Roka
 22717 | Orc:2    | Killed Saint Roka
 23028 | Orc:2    | Found Suelibom's Antique Weapon Emporium.
 23030 | Orc:2    | Found Ximin's Antique Armour Shoppe.
 23393 | Spider:1 | Entered Level 1 of the Spider Nest
 23498 | Spider:1 | You fall into a shaft and drop 1 floor!
 23520 | Spider:2 | HP: 3/149 [pharaoh ant (4)]
 23539 | Spider:2 | Noticed Arachne
 23582 | Spider:2 | Killed Arachne
 23773 | Spider:2 | HP: 3/150 [demonic crawler (10)]
 24912 | Spider:1 | Reached skill level 19 in Fighting
 25330 | D:8      | Bought the +0 mask of the Dragon {Will+ Slay+3 SInv} for
                  | 835 gold pieces
 25330 | D:8      | Found the +0 mask of the Dragon {Will+ Slay+3 SInv}
 25507 | Elf:1    | Entered Level 1 of the Elven Halls
 25507 | Elf:1    | Noticed a deep elf sorcerer
 25510 | Elf:1    | Noticed Zenata
 25512 | Elf:1    | Reached XP level 16. HP: 145/160 MP: 15/15
 25828 | Elf:1    | Reached skill level 10 in Dodging
 26102 | Elf:1    | HP: 5/162 [rock wall collision (27)]
 26106 | Elf:1    | Reached skill level 20 in Fighting
 26288 | Elf:1    | Noticed a Hell Sentinel
 26288 | Elf:1    | Noticed a Tzitzimitl
 26314 | Elf:1    | Paralysed by an air elemental for 1 turns
 26762 | D:15     | Found a staircase to the Depths.
 28719 | Spider:3 | Reached skill level 21 in Fighting
 29243 | Spider:3 | Paralysed by a jorogumo for 3 turns
 29584 | Spider:3 | Reached XP level 17. HP: 138/165 MP: 16/16
 30105 | Spider:4 | Entered Level 4 of the Spider Nest
 30107 | Spider:4 | Noticed Mlioglotl
 30261 | Spider:3 | Killed Mlioglotl
 30514 | Spider:4 | Gained mutation: You occasionally lose the ability to drink
                  | potions when taking damage. [mutagenic glow]
 30723 | Spider:4 | Noticed Mara
 30727 | Spider:4 | Noticed snarfax's illusion
 30808 | Spider:4 | Noticed Roxanne
 31244 | Spider:4 | Killed Roxanne
 31516 | Spider:4 | Reached skill level 22 in Fighting
 31862 | Spider:4 | Noticed Agnes
 31870 | Spider:4 | Killed Agnes
 32081 | Spider:4 | Noticed snarfax's illusion
 32090 | Spider:4 | Killed Mara
 32877 | Spider:4 | Reached skill level 15 in Dodging
 33089 | Spider:4 | Reached skill level 23 in Fighting
 33592 | Spider:4 | Got a gossamer rune of Zot
 33772 | Swamp:1  | Entered Level 1 of the Swamp
 33804 | Swamp:1  | Reached XP level 18. HP: 176/188 MP: 17/17
 33944 | Swamp:1  | Paralysed by a fenstrider witch for 2 turns
 34457 | Swamp:1  | You are sucked into a shaft and drop 1 floor!
 36112 | Swamp:4  | Entered Level 4 of the Swamp
 36543 | Swamp:4  | Reached skill level 24 in Fighting
 37062 | Swamp:4  | Got a decaying rune of Zot
 37759 | Elf:1    | Noticed a Brimstone Fiend
 37787 | Elf:1    | Paralysed by an air elemental for 1 turns
 37792 | Elf:1    | Paralysed by an air elemental for 1 turns
 37805 | Elf:1    | HP: 8/192 [deep elf archer/arrow (15)]
 38454 | Elf:1    | Killed Zenata
 38941 | Vaults:1 | Entered Level 1 of the Vaults
 38959 | Vaults:1 | Reached XP level 19. HP: 185/200 MP: 18/18
 39094 | Vaults:1 | Reached skill level 25 in Fighting
 39290 | Vaults:1 | Found a runed translucent door.
 40687 | Vaults:2 | Found a flickering gateway to a bazaar.
 40711 | Bazaar   | Entered a bazaar
 40711 | Bazaar   | Found Gudataq's Antique Weapon Emporium.
 40918 | Bazaar   | Found Comnot's Magic Scroll Boutique.
 40920 | Bazaar   | Found Ahenamusm's Book Emporium.
 40926 | Bazaar   | Bought a scroll of teleportation for 27 gold pieces
 40926 | Bazaar   | Bought a scroll of teleportation for 27 gold pieces
 40926 | Bazaar   | Bought a scroll of teleportation for 27 gold pieces
 40941 | Bazaar   | Found Kyofor's General Store.
 40949 | Bazaar   | Found Doenag's Antique Armour Shop.
 41269 | Vaults:2 | Found a staircase to the Crypt.
 41347 | Vaults:2 | Reached skill level 26 in Fighting
 41998 | Vaults:2 | Identified the ring "Xenenemo" {Wiz Will+ Int+2 SInv}
 42007 | Vaults:2 | Reached XP level 20. HP: 189/214 MP: 19/19
 42196 | Vaults:2 | Acquired the ring "Usuabb" {rF+ Str+7}
 42851 | Vaults:2 | Acquired a manual of Shields
 43593 | Vaults:3 | Found a crumbling gateway.
 43600 | Desolati | Entered the Desolation of Salt
 43739 | Desolati | Reached skill level 27 in Fighting
 43819 | Desolati | Elyvilon protects you from harm!
 44061 | Vaults:3 | Paralysed by a sphinx for 3 turns
 45251 | Vaults:3 | Reached skill level 15 in Shields
 46905 | Vaults:4 | Found Dyus's Antique Armour Shoppe.
 47799 | Slime:1  | Entered Level 1 of the Pits of Slime
 47824 | Lair:5   | Reached XP level 21. HP: 224/224 MP: 20/20
 48367 | Slime:2  | Gained mutation: You sometimes lose the ability to drink
                  | potions when taking damage. [a shining eye]
 48375 | Slime:2  | Gained mutation: You occasionally shout uncontrollably at
                  | your foes. [a shining eye]
 48762 | Slime:5  | Entered Level 5 of the Pits of Slime
 48924 | Slime:5  | Gained mutation: You are weak. (Str -2) [a shining eye]
 49454 | Slime:5  | Found a viscous altar of Jiyva.
 49478 | Slime:5  | Fell from the grace of Elyvilon
 49478 | Slime:5  | Became a worshipper of Jiyva Joocruuk the Shapeless
 49489 | Slime:5  | Noticed the Royal Jelly
 49946 | Vaults:5 | Entered Level 5 of the Vaults
 51057 | Vaults:5 | Noticed a dread lich
 51104 | Vaults:5 | Identified the +4 plate armour "Buycziuh" {rF+ Dex+2
                  | Stlth+}
 51204 | Vaults:5 | Noticed a golden dragon
 51218 | Vaults:5 | Killed a golden dragon
 51728 | Vaults:5 | Reached XP level 22. HP: 209/233 MP: 21/21
 51861 | Vaults:5 | Identified the +6 halberd of Fear {pain, Str+5}
 52126 | Vaults:5 | HP: 8/233 [deep elf high priest/a malign offering (7)]
 52143 | Vaults:5 | Killed a dread lich
 52186 | Vaults:5 | HP: 11/233 [titan/the air (6)]
 52190 | Vaults:5 | HP: 3/233 [titan/the air (24)]
 52191 | Vaults:5 | Mangled by a titan

Illustrated notes

Levels and vault maps discovered:
D:1:      matt_arrival_diagonals, layout_basic
D:2:      layout_loops_ring, basic_altar, basic_ecumenical_altar,
          nicolae_shop_unique_rings, minmay_fractal_squares_gapless_5
D:3:      layout_loops_ring, minmay_misc_feat_rows, hangedman_decor_push,
          minmay_snake_closets
D:4:      layout_rooms, lemuel_coloured_pillars_altar, serial_demonic,
          serial_demonic_e, serial_demonic_b, serial_demonic_g,
          serial_demonic_b, uniq_natasha
D:5:      layout_loops_corners, trog_ov_bears_minmay, cheibriados_altar_1,
          lemuel_zombie_altar_kikubaaqudgha
D:6:      layout_loops_cross, mainiacjoe_overflow_six_doors_small,
          minmay_temple_entry_glassed_door, minmay_misc_feat_tiny
D:7:      layout_loops_ring, serial_shops, shop, nicolae_shop_window_shopping,
          nicolae_shop_waterfront, minmay_gold_behind_fungi
D:8:      layout_loops_ring, vehumet_statue, fedhas_altar_decomposition,
          nicolae_wu_jian_glorious_leap, serial_shops, nicolae_take_the_stairs,
          nicolae_stop_n_shop_2, shop, shop, uniq_maggie
D:9:      layout_stronghold, regret_index_xom_of_box, serial_shops, shop
D:10:     layout_roguey, serial_shops, nicolae_shop_industrial_runoff,
          minivault_11, uniq_nergalle, uniq_grum
D:11:     layout_loops_ring, erik_lair_orcish_takeover
D:12:     layout_loops_corners, orc_0_dummy
D:13:     layout_irregular_city
D:14:     layout_loops_cross, hangedman_vaults_entry_quadrant_bands
D:15:     grunt_enter_depths_snipers, layout_long_grid,
          nicolae_uskayaw_dance_hall, grunt_decor_fettered, nicolae_titane
Temple:   nicolae_temple_god_jail
Lair:1:   layout_cave_pods, hellmonk_ghost_happy_afterlife,
          nicolae_lair_lindhole, grunt_megastairs_1
Lair:2:   layout_cave_shapes, mainiacjoe_swamp_entry_lozenge_pond,
          spider_nest_entry_webs, fungi_pond_lemuel, lemuel_fruit_tree,
          serial_bayou_shore_b
Lair:3:   layout_small_grid, uniq_snorg, uniq_sonja
Lair:4:   layout_roguey, uniq_josephine
Lair:5:   gammafunk_lair_ancient_temple, layout_layer_cave,
          nicolae_slime_entry_slimehenge
Swamp:1:  layout_basic_swamp, evilmike_swamp_ruin_rubble_2, swamp_pool_1_2
Swamp:2:  layout_basic_swamp, evilmike_swamp_ruin_house_1
Swamp:3:  layout_basic_swamp, evilmike_swamp_ruin_rubble_1
Swamp:4:  swamp_basic_johnstein, layout_basic_swamp
Spider:1: layout_spider_delve
Spider:2: layout_spider_delve, worms_lemuel, uniq_arachne
Spider:3: layout_spider_delve, hangedman_spider_tarantella_strand
Spider:4: floodkiller_spider_rune_tomb, nicolae_spider_swamp_cousins, uniq_mara,
          uniq_agnes, uniq_roxanne, uniq_mlioglotl
Slime:1:  layout_caves
Slime:2:  layout_caves
Slime:3:  layout_caves
Slime:4:  cheibrodos_slime_lost_civilization_2, layout_caves
Slime:5:  slime_pit_nicolae_jellycorners
Orc:1:    layout_caves
Orc:2:    grunt_orc_community_town_hall, layout_diamond_mine,
          grunt_orc_community_big_house_1, grunt_orc_community_big_house_1,
          grunt_orc_community_house_2, grunt_orc_community_house_1,
          grunt_orc_community_house_3, grunt_orc_community_house_3,
          grunt_orc_community_house_1, serial_shops,
          nicolae_shop_temple_entry_statues_fountains,
          nicolae_shop_gaudy_bauble, nicolae_shop_bloodbath_and_beyond, shop,
          basic_altar, nicolae_shop_overcharged_wands
Elf:1:    minmay_elf_arrival_circle, layout_loops_cross,
          hangedman_elven_crosses_minicolossus, uniq_zenata
Vaults:1: nicolae_vaults_oozy_zoo, nicolae_vaults_storage_closets_1, v_rooms_1,
          nicolae_vaults_stepped_doors, hangedman_vaults_capsules,
          ontoclasm_vaults_idyll, vaults_room_boxed, ontoclasm_vaults_pinch,
          nicolae_vaults_layer_cake_slice, v_misc_26,
          nicolae_vaults_little_squares_2, nicolae_vaults_little_squares_1,
          serial_ice_b, layout_vaults_maze_snakey
Vaults:2: nicolae_vaults_wrenched, minmay_crypt_entry_simple_sparse,
          nicolae_vaults_mush_room, nicolae_vaults_tetromino_L_1,
          vaults_standard_mumra_x, dpeg_vaults_monster_row,
          hangedman_vaults_snaps, nicolae_vaults_big_ls,
          nicolae_vaults_bisected_slash, vaults_room_fancy_cross,
          vaults_room_door_hall, hangedman_vaults_corner_blocks,
          nicolae_vaults_tetromino_Z_1, layout_vaults_ring, serial_shops,
          freezing_bzr, serial_glass
Vaults:3: portal_desolation_entry_ruin, nicolae_vaults_doubleplus_tesselated,
          v_misc_4, v_rooms_2, ontoclasm_vaults_spin, v_misc_4,
          nicolae_vaults_layer_cake_slice, nicolae_vaults_house_1,
          nicolae_vaults_diamond_2, layout_vaults_quadrants
Vaults:4: ontoclasm_vaults_claustrophobia, vaults_mumra_chevron_long,
          nicolae_vaults_house_2, hangedman_vaults_locks,
          nicolae_vaults_ninety_degrees, v_misc_2, ontoclasm_vaults_tryst,
          nicolae_vaults_tetromino_L_1, vaults_room_grunt_arrival_checkpoint,
          layout_vaults_big_cross, serial_shops, shop
Vaults:5: serial_shops

Skill      XL: |  1  2  3  4  5  6  7  8  9 10 11 12 13 14 15 16 17 18 19 20 21 22 |
---------------+-------------------------------------------------------------------+-----
Shields        | 4 5 6 8 10 18 20 | 20.0
Axes           | 3 4 6 8 10 13 14 15 16 17 18 | 18.0
Fighting       | 5 8 10 12 15 17 19 21 23 24 26 27 | 27.0
Armour         | 5 8 10 12 15 17 19 | 19.0
Dodging        | 4 8 12 15 18 20 21 24 25 | 25.0

Action                     |  1- 3 |  4- 6 |  7- 9 | 10-12 | 13-15 | 16-18 | 19-21 | 22-24 || total
---------------------------+-------+-------+-------+-------+-------+-------+-------+-------++-------
  Melee: War axe           |    68 |   114 |   284 |   592 |  1194 |  1462 |  1060 |       ||  4774
         Headbutt          |     7 |    15 |    49 |   111 |   297 |   371 |   405 |    64 ||  1319
         Broad axe         |       |       |       |       |       |       |   174 |   168 ||   342
  Throw: Dart              |       |    10 |     3 |    32 |       |       |     1 |     3 ||    49
         Javelin           |       |       |       |       |     6 |       |    12 |       ||    18
 Invoke: Heal Self         |       |       |       |       |    31 |    16 |     7 |       ||    54
         Purification      |       |       |       |       |     4 |       |       |       ||     4
  Evoke: Phantom mirror    |       |       |       |       |     1 |     1 |       |       ||     2
         Wand              |       |       |       |       |       |     3 |     3 |       ||     6
    Use: Scroll            |     2 |     8 |     6 |       |    29 |    15 |    19 |     6 ||    85
         Potion            |       |     1 |       |     1 |    19 |     5 |     4 |     3 ||    33
 Armour: Scale mail        |     9 |    65 |   180 |   295 |   900 |   959 |   615 |       ||  3023
         Chain mail        |    39 |    19 |       |       |       |       |       |       ||    58
         Plate armour      |       |       |       |       |       |       |    51 |    73 ||   124
  Dodge: Dodged            |    23 |    62 |    89 |   118 |   369 |   625 |   500 |    42 ||  1828
  Block: Buckler           |    15 |    20 |    36 |       |       |       |       |       ||    71
         Kite shield       |       |       |    38 |   341 |   930 |  1412 |  1114 |   146 ||  3981
         Reflection        |       |       |       |    16 |    16 |    75 |   104 |     9 ||   220
